AoeStats
← richarddf123

Pilgrims

508974986Analyzed
3v3 RM · 7d ago on Sep 24, 2026· 37m 18s· 6 players
Game mode
Random Map
Map size
Normal (6 player)
Population
200
Speed
Normal
Resources
Standard
Victory
Conquest
Starting age
Dark Age
Ending age
Imperial Age
RankedLock teamsTeams togetherTeam positionsShared explorationLock speedFull tech treeHidden civsTurbo modeCheats
Victory
Defeat
🇺🇸 Italians · United States
824
+12
🇺🇸 Spanish · United States
750
+15
🇺🇸 Franks · United States
740
+17
🇨🇱 Persians · Chile
757
-15
🇲🇽 Lithuanians · Mexico
740
-15
🇨🇱 Koreans · Chile
726
-14
richarddf123
9:21 Feudal Age
7:36 Loom
20:01 Castle Age
22:33 Wheelbarrow
23:00 Stone Mining
23:00 Gold Mining
27:26 Ballistics
27:01 Murder Holes
30:41 Double-Bit Axe
Encore
12:21 Feudal Age
13:52 Wheelbarrow
13:17 Double-Bit Axe
13:21 Fishing Lines
13:48 Town Watch
15:56 Gold Mining
18:27 Castle Age
16:17 Horse Collar
19:27 Hand Cart
19:29 Bow Saw
20:14 Medium Warships
20:53 Gillnets
21:18 Stone Mining
23:35 Hand Cart
24:32 Stone Shaft Mining
26:12 Fletching
27:33 Padded Archer Armor
27:29 Bodkin Arrow
27:45 Forging
27:46 Siphons
28:02 Ballistics
27:38 Murder Holes
27:24 Treadmill Crane
28:08 Ballistics
27:53 Siphons
27:44 Murder Holes
28:13 Ballistics
30:31 Imperial Age
30:18 Pikeman
30:59 Squires
30:45 Arson
32:48 Heavy Warships
33:16 Conscription
34:59 Chemistry
34:10 Masonry
34:17 Leather Archer Armor
34:02 Bracer
34:38 Iron Casting
34:35 Scale Mail Armor
IlIlIIIlIl69
5:04 Loom
13:34 Feudal Age
14:06 Horse Collar
14:09 Fishing Lines
15:32 Wheelbarrow
15:23 Double-Bit Axe
20:39 Castle Age
19:08 Gold Mining
19:09 Stone Mining
20:27 Bloodlines
20:22 Padded Archer Armor
20:29 Scale Barding Armor
20:35 Forging
22:03 Medium Warships
22:09 Gillnets
22:50 Hand Cart
22:24 Town Watch
23:31 Fletching
23:59 Leather Archer Armor
25:50 Husbandry
27:59 Heavy Plow
31:40 Bow Saw
33:41 Ballistics
33:21 Bodkin Arrow
33:55 Masonry
33:51 Murder Holes
anzolablan
15:00 Feudal Age
13:48 Loom
17:37 Wheelbarrow
17:56 Man-at-Arms
27:25 Gold Mining
27:26 Stone Mining
32:49 Castle Age
32:30 Scale Barding Armor
32:36 Forging
33:32 Bloodlines
33:44 Husbandry
35:13 Iron Casting
34:59 Chain Barding Armor
elguille911
13:04 Feudal Age
17:42 Castle Age
15:40 Fishing Lines
PerdiendoConCan
6:55 Loom
11:35 Feudal Age
14:56 Double-Bit Axe
20:41 Castle Age
21:30 Husbandry
21:51 Husbandry
22:11 Bow Saw
21:44 Elite Skirmisher
24:46 Forging
26:08 Scale Barding Armor
29:25 Fletching
35:35 Imperial Age
33:42 Wheelbarrow
Connection lost

Rejoining the realm…

Still unreachable

The connection could not be restored.

Session expired

The server has moved on; the page needs a fresh start.